 Dungeon Crawl Stone Soup version 0.20.2-3-g29329e0561 (webtiles) character file.

608 Alfie the Cutter (level 7, 0/60 HPs)
             Began as a Hill Orc Fighter on Nov 17, 2022.
             Slain by a sky beast (1 damage)
             ... on level 5 of the Dungeon.
             The game lasted 00:11:41 (2716 turns).

Alfie the Cutter (Hill Orc Fighter)                 Turns: 2716, Time: 00:11:42

Health: 0/60       AC: 10    Str: 21    XL:     7   Next: 43%
Magic:  7/7        EV:  8    Int:  8    God:
Gold:   252        SH: 10    Dex: 10    Spells: 6/6 levels left

rFire    . . .     SeeInvis .   a - +0 rapier
rCold    . . .     Gourm    .   c - +0 shield
rNeg     . . .     Faith    .   b - +1 scale mail
rPois    .         Spirit   .   (no helmet)
rElec    .         Reflect  .   p - +0 cloak
rCorr    .         Harm     .   j - +0 pair of gloves
MR       .....                  (no boots)
Stlth    ..........             (no amulet)
Regen    0.2/turn               (no ring)
MPRegen  0.1/turn               (no ring)

@: no status effects
A: no striking features
a: no special abilities


You were on level 5 of the Dungeon.
You were very hungry.

You visited 1 branch of the dungeon, and saw 5 of its levels.

You collected 252 gold pieces.

Inventory:

Hand Weapons
 a - a +0 rapier (weapon)
 d - a +2 quarterstaff of chaos
Missiles
 g - 8 tomahawks (quivered)
Armour
 b - a +1 scale mail (worn)
 c - a +0 shield (worn)
 j - a +0 pair of gloves (worn)
 p - a +0 cloak (worn)
Wands
 m - a wand of confusion (48/48)
 r - a wand of acid (4/15)
Scrolls
 h - a scroll of identify
 l - 2 scrolls of fog
 q - a scroll of remove curse
 v - a scroll of recharging
 w - a scroll of teleportation {unknown}
Potions
 e - 2 potions of haste {unknown}
 f - a potion of curing
 i - a potion of ambrosia {unknown}
 k - 2 potions of cancellation {unknown}
 n - 2 potions of agility
 o - 2 potions of lignification {unknown}
 s - a potion of degeneration {unknown}
 t - a potion of might
 u - a potion of heal wounds {unknown}


   Skills:
 + Level 4.8 Fighting
 + Level 5.0 Short Blades
 + Level 0.5 Throwing
 + Level 4.9 Armour
 + Level 1.7 Dodging
 + Level 5.0 Shields


You had 6 spell levels left.
You didn't know any spells.

Dungeon Overview and Level Annotations

Branches:
Dungeon (5/15)
 Temple: D:4-7

Altars:


Message History

The sky beast is severely wounded.
The sky beast flickers out of sight!
Deactivating autopickup; reactivate with Ctrl-A.
Something hits you but does no damage.
You closely miss something. Something hits you but does no damage.
You closely miss something. Something hits you but does no damage.
You closely miss something.
A sky beast appears from thin air!
Reactivating autopickup.
The sky beast hits you but does no damage.
You hit the sky beast but do no damage.
The sky beast is severely wounded.
You feel a little less agile now. The sky beast hits you.
* * * LOW HITPOINT WARNING * * *
The sky beast shocks you.
* * * LOW HITPOINT WARNING * * *
You barely miss the sky beast.
The sky beast is severely wounded.
The sky beast hits you.
You die...

# .# ###.###
#@....#
#Y###.# ###.#
#...#
#.#.....#
######.####..#
#......# .#
#......##.#.##
#...........#


You could see a sky beast.

Vanquished Creatures
  Sigmund (D:3)
  An ice beast (D:5)
  A bullfrog (D:3)
  Crazy Yiuf (D:2)
  A centaur skeleton (D:3)
  An iguana (D:5)
  Ijyb (D:3)
  A worker ant (D:4)
  4 adders
  4 gnolls (D:5)
  An ooze (D:3)
  An adder skeleton (D:5)
  A worm (D:3)
  3 dart slugs
  2 leopard geckos (D:3)
  2 orcs (D:3)
  4 giant cockroaches (D:3)
  6 goblins
  8 hobgoblins
  6 jackals
  A ball python (D:2)
  8 bats
  6 frilled lizards
  6 kobolds
  9 rats
80 creatures vanquished.

Notes
Turn   | Place    | Note
-------+----------+-------------------------------------------
     0 | D:1      | Alfie the Hill Orc Fighter began the quest for the Orb.
     0 | D:1      | Reached XP level 1. HP: 19/19 MP: 1/1
   104 | D:1      | Reached XP level 2. HP: 23/27 MP: 2/2
   494 | D:1      | Reached XP level 3. HP: 33/33 MP: 3/3
  1060 | D:2      | Found a runed door.
  1065 | D:2      | Noticed Crazy Yiuf
  1073 | D:2      | Killed Crazy Yiuf
  1073 | D:2      | Reached XP level 4. HP: 32/40 MP: 4/4
  1713 | D:3      | Noticed Ijyb
  1726 | D:3      | Killed Ijyb
  1726 | D:3      | Reached XP level 5. HP: 46/46 MP: 5/5
  1804 | D:3      | Reached skill level 1 in Dodging
  1940 | D:3      | Reached XP level 6. HP: 33/53 MP: 6/6
  1944 | D:3      | Noticed Sigmund
  1979 | D:3      | Killed Sigmund
  2393 | D:4      | Reached XP level 7. HP: 50/60 MP: 7/7
  2496 | D:5      | Entered Level 5 of the Dungeon
  2587 | D:5      | Reached skill level 5 in Short Blades
  2614 | D:5      | Reached skill level 5 in Shields
  2643 | D:5      | HP: 3/60 [gnoll/spear (2)]
  2649 | D:5      | HP: 3/60 [gnoll/spear (2)]
  2715 | D:5      | HP: 1/60 [sky beast (5)]
  2716 | D:5      | Slain by a sky beast

Skill      XL: |  1  2  3  4  5  6  7 |
---------------+----------------------+-----
Fighting       | 4 |  4.8
Shields        | 4 5 |  5.0
Short Blades   | 3 4 5 |  5.0
Armour         | 4 |  4.9
Dodging        | 1 |  1.7
Throwing       | |  0.5

Action                   |  1- 3 |  4- 6 |  7- 9 || total
-------------------------+-------+-------+-------++-------
Melee: Rapier            |    94 |   189 |    80 ||   363
Throw: Tomahawk          |     6 |     4 |       ||    10
  Use: Scroll            |     1 |     7 |       ||     8
       Potion            |     1 |     1 |     3 ||     5
  Eat: Bread ration      |     1 |       |       ||     1
       Fruit             |       |     1 |       ||     1
Armor: Scale mail        |    32 |    86 |    26 ||   144
Dodge: Dodged            |    26 |    55 |    30 ||   111
Block: Shield            |    35 |    64 |    41 ||   140
